 Dungeon Crawl Stone Soup version 0.30.1-9-gdf580d7c3d (webtiles) character file.

Game seed: 14081526281506402308

18815 leafyfresh the Covert (level 12, -2/101 (105) HPs)
             Began as a Gnoll Delver on Oct 5, 2023.
             Was a High Priest of Ashenzari.
             Slain by an orc sorcerer
             ... wielding a +0 dagger
              (4 damage)
             ... while paralysed by an orc sorcerer
             ... on level 2 of the Orcish Mines on Oct 11, 2023.
             The game lasted 00:52:35 (15004 turns).

leafyfresh the Covert (Gnoll Delver)               Turns: 15004, Time: 00:52:36

HP:   -2/101 (105)  AC: 12    Str: 11    XL:     12   Next: 62%
MP:   0/26          EV:  2    Int:  7    God:    Ashenzari [*****.]
Gold: 1884          SH:  0    Dex: 23    Spells: 8/32 levels left

rFire   + + +        H - +9 lance "Wyrmbane" {slay drac, rPois rF+ rC+ AC+3}
rCold   . . .        w - +0 buckler of Ashenzari's Burden {+Inv Int-2 Dex+5, Elem, Cun} (curse)
rNeg    . . .        B - +2 robe of the Cryptic Empyrean {rF+, Range, Alch} (curse)
rPois   +            C - melded +0 helmet "Eternal Together" {Elem, Melee} (curse)
rElec   .            J - +2 cloak "At What Cost Knowledge?" {Self, Comp} (curse)
rCorr   .            q - +0 pair of gloves of Ashenzari's Comet {Comp, Self} (curse)
SInv    +            n - melded +2 pair of boots "Tethered Together" {Elem, Cun} (curse)
Will    .....        A - amulet of Apeoromancy {Spirit -Tele Rampage rPois Str-4, Evo, Melee} (curse)
Stlth   +++          i - ring "Lashed Ordeal" {Fire Str+2, Comp, Elem} (curse)
HPRegen 0.36/turn    (no ring)
MPRegen 0.20/turn

%: no teleportation, clarity, guardian spirit, rampage
@: paralysed, on fire, appendages (expiring), wereblooded, glowing, lightly
drained
A: horns 2, talons 2, fangs 1, strong nose, distributed training, wild magic 1
a: End Transformation, Renounce Religion, Evoke Invisibility, Shatter the Chains


You were on level 2 of the Orcish Mines.
You worshipped Ashenzari.
Ashenzari was extremely pleased with you.
You had temporarily grown beastly horns and talons.
You visited 3 branches of the dungeon, and saw 13 of its levels.
You visited the Abyss 1 time.
You also visited: Bailey.

You collected 3048 gold pieces.
You spent 1164 gold pieces at shops.

Inventory:

Hand Weapons
 H - the +9 lance "Wyrmbane" (weapon) {slay drac, rPois rF+ rC+ AC+3}
   (You took it off Maggie on level 8 of the Dungeon)

   AC:        It affects your AC (+3).
   rF:        It protects you from fire.
   rC:        It protects you from cold.
   rPois:     It protects you from poison.
 K - the +1 sling of Sittu {heavy, Str+3}
   (You bought it in a shop on level 2 of the Dungeon)

   Str:       It affects your strength (+3).
Armour
 n - the cursed +2 pair of boots "Tethered Together" (melded) {Elem, Cun}
   (You found it on level 4 of the Dungeon)

   It has a curse which improves the following skills: Elements: Fire Magic, Ice
   Magic, Air Magic and Earth Magic.
   Cunning:   Dodging and Stealth.
 q - the cursed +0 pair of gloves of Ashenzari's Comet (worn) {Comp, Self}
   (You found it on level 4 of the Dungeon)

   It has a curse which improves the following skills: Companions: Summonings
   and Necromancy.
   Introspection: Fighting and Spellcasting.
 w - the cursed +0 buckler of Ashenzari's Burden (worn) {+Inv Int-2 Dex+5, Elem, Cun}
   (You acquired it on level 6 of the Dungeon)

   Int:       It affects your intelligence (-2).
   Dex:       It affects your dexterity (+5).
   +Inv:      It lets you turn invisible.
   It has a curse which improves the following skills: Elements: Fire Magic, Ice
   Magic, Air Magic and Earth Magic.
   Cunning:   Dodging and Stealth.
 y - a +0 leather armour of cold resistance
 B - the cursed +2 robe of the Cryptic Empyrean (worn) {rF+, Range, Alch}
   (You found it on level 7 of the Dungeon)

   rF:        It protects you from fire.
   It has a curse which improves the following skills: Ranged Combat: Ranged
   Weapons and Throwing.
   Alchemy:   Poison Magic and Transmutations.
 C - the cursed +0 helmet "Eternal Together" (melded) {Elem, Melee}
   (You found it on level 1 of the Dungeon)

   It has a curse which improves the following skills: Elements: Fire Magic, Ice
   Magic, Air Magic and Earth Magic.
   Melee Combat: Short Blades, Long Blades, Axes, Maces & Flails, Polearms,
   Staves and Unarmed Combat.
 G - a +0 pair of boots of flying
 J - the cursed +2 cloak "At What Cost Knowledge?" (worn) {Self, Comp}
   (You found it on level 7 of the Dungeon)

   It has a curse which improves the following skills: Introspection: Fighting
   and Spellcasting.
   Companions: Summonings and Necromancy.
 N - +0 swamp dragon scales
Jewellery
 i - the cursed ring "Lashed Ordeal" (left hand) {Fire Str+2, Comp, Elem}
   (You found it on level 6 of the Dungeon)

   [ring of fire]

   It enhances your fire magic.
   Str:       It affects your strength (+2).
   rF:        It protects you from fire.
   rC:        It makes you vulnerable to cold.
   It has a curse which improves the following skills: Companions: Summonings
   and Necromancy.
   Elements:  Fire Magic, Ice Magic, Air Magic and Earth Magic.
 m - a ring of protection from fire
 A - the cursed amulet of Apeoromancy (around neck) {Spirit -Tele Rampage rPois Str-4, Evo, Melee}
   (You found it on level 2 of the Dungeon)

   [amulet of guardian spirit]

   It causes incoming damage to be divided between your reserves of health and
   magic.
   Str:       It affects your strength (-4).
   rPois:     It protects you from poison.
   -Tele:     It prevents most forms of teleportation.
   Rampage:   It bestows one free step when moving towards enemies.
   It has a curse which improves the following skills: Evocations: Evocations.
   Melee Combat: Short Blades, Long Blades, Axes, Maces & Flails, Polearms,
   Staves and Unarmed Combat.
Wands
 g - a wand of digging (3)
 j - a wand of flame (21)
 s - a wand of mindburst (14)
 t - a wand of charming (1)
 L - a wand of polymorph (7)
Scrolls
 d - a scroll of fog
 e - a scroll of torment
 h - 2 scrolls of brand weapon
 l - 5 scrolls of teleportation
 x - 3 scrolls of immolation
 z - 3 scrolls of enchant weapon
 E - a scroll of butterflies
 F - a scroll of silence
Potions
 a - 5 potions of brilliance
 b - 2 potions of magic
 f - a potion of haste
 k - a potion of resistance
 o - a potion of mutation
 p - 2 potions of attraction
 r - a potion of curing
 u - 8 potions of flight
 v - a potion of cancellation


   Skills:
 + Level 10.2(13.3) Fighting
 + Level 9.1(11.2) Short Blades
 + Level 7.7(9.9) Long Blades
 + Level 7.7(9.9) Axes
 + Level 7.7(9.9) Maces & Flails
 + Level 7.7(9.9) Polearms
 + Level 7.7(9.9) Staves
 + Level 7.7(9.9) Ranged Weapons
 + Level 7.7(9.9) Throwing
 + Level 7.7 Armour
 + Level 9.1(11.2) Dodging
 + Level 12.2(14.3) Stealth
 + Level 7.7 Shields
 + Level 7.7(9.9) Unarmed Combat
 + Level 7.7(10.9) Spellcasting
 + Level 6.4 Conjurations
 + Level 6.4 Hexes
 + Level 6.4(10.5) Summonings
 + Level 6.4(10.5) Necromancy
 + Level 6.4 Translocations
 + Level 6.4(8.6) Transmutations
 + Level 6.4(9.6) Fire Magic
 + Level 6.4(9.6) Ice Magic
 + Level 6.4(9.6) Air Magic
 + Level 6.4(9.6) Earth Magic
 + Level 6.4(8.6) Poison Magic
 + Level 8.5 Invocations
 + Level 7.7(9.9) Evocations


You had 8 spell levels left.
You knew the following spells:

 Your Spells              Type           Power      Damage    Failure   Level
a - Beastly Appendage     Tmut           40%        N/A       1%          1
b - Wereblood             Tmut           20%        N/A       1%          2
c - Teleport Other        Tloc           16%        N/A       7%          3
d - Flame Wave            Conj/Fire      29%        2d9       12%         4
e - Sticky Flame          Conj/Fire      29%        2d5       12%         4
f - Fireball              Conj/Fire      14%        3d8       28%         5
g - Irradiate             Conj/Tmut      9%         3d14      34%         5

Your spell library contained the following spells:

 Spells                   Type           Power      Damage    Failure   Level
 Foxfire                  Conj/Fire      100%       2x1d9     1%          1
 Sublimation of Blood     Necr           24%        N/A       1%          2
 Spider Form              Tmut/Pois      20%        N/A       3%          3
 Lesser Beckoning         Tloc           32%        N/A       4%          2
 Inner Flame              Hex/Fire       29%        N/A       4%          3
 Gell's Gravitas          Tloc           16%        N/A       7%          3
 Petrify                  Tmut/Erth      21%        N/A       8%          4
 Plasma Beam              Fire/Air       16%        2x1d30    61%         6
 Starburst                Conj/Fire      14%        6d6       82%         6
 Chain Lightning          Conj/Air       9%         3d12      100%        9
 Fire Storm               Conj/Fire      14%        8d4       100%        9
 Shatter                  Erth           11%        3d12*     100%        9


Dungeon Overview and Level Annotations

Branches:
Dungeon (10/15)            Temple (1/1) D:5            Lair (0/5) D:10
    Orc (2/2) D:10            Elf (0/3) Orc:2        Bailey (visited)

Altars:
Ashenzari
Cheibriados
Dithmenos
Elyvilon
Fedhas
Gozag
Hepliaklqana
Kikubaaqudgha
Makhleb
Nemelex Xobeh
Okawaru
Qazlal
Ru
Sif Muna
Trog
Uskayaw
Vehumet
Wu Jian
Xom
Yredelemnul
Zin
The Shining One

Shops:
D:1 ?   D:2 *

Annotations:
D:10 1 transporter, arthad's ghost, novice FeSu


Innate Abilities, Weirdness & Mutations

You have temporarily grown beastly horns and talons.
You have very sharp teeth.
Your uncanny sense of smell can sniff out nearby items.
Your experience applies equally to all skills.
Your spells are a little harder to cast, but a little more powerful.


Message History

The smoke demon gestures at you. Something smites you!
The orc sorcerer points at you and mumbles some strange words.
You shrug off the repeated paralysis!
The orc sorcerer hits you with a +0 dagger.
The orc sorcerer hits you but does no damage.
You howl as the wereblood boils in your veins!
The neqoxec hits you but does no damage.
The smoke demon gestures at you. The sticky flame hits you. You resist.
You are covered in liquid flames!
The orc sorcerer hits you but does no damage.
The orc sorcerer hits you with a +0 dagger.
The orc sorcerer casts a spell at you. The bolt of negative energy hits you!!
You feel drained.
* * * LOW HITPOINT WARNING * * *
The bolt of negative energy hits the smoke demon.
The smoke demon completely resists.
You are covered in liquid flames!
* * * LOW HITPOINT WARNING * * *
The neqoxec hits you but does no damage.
The smoke demon hits you.
* * * LOW HITPOINT WARNING * * *
The smoke demon hits you.
* * * LOW HITPOINT WARNING * * *
The smoke demon hits you but does no damage.
The orc sorcerer hits you but does no damage.
The orc sorcerer points at you and mumbles some strange words.
You resist with some effort.
The orc sorcerer hits you but does no damage.
You are covered in liquid flames!
* * * LOW HITPOINT WARNING * * *
The neqoxec hits you.
* * * LOW HITPOINT WARNING * * *
The smoke demon gestures at you. Something smites you!
* * * LOW HITPOINT WARNING * * *
The orc sorcerer barely misses you.
The orc sorcerer hits you with a +0 dagger.
You die...

...[...#.....# ∩ , ,∩
.####[.......##......##
..#.#......#.#.÷..÷...#
.....).....###..÷.....#
.##.#..)...###÷..§....#
^.##.[...[.##.........#
....#......##.÷÷÷....÷####
.......#.[..##.o3o...###.##
#......##...####@o..###...##
........#....##..3..#......#
........##...[)...###...#.###
.........##......##......#..##
.......^..##...####..........#
...........#####..)..........##
.......#.........))......#..#.##
........................##.....#
..................#...........##


You could see a smoke demon (summoned), a neqoxec (summoned) and 3 orc
sorcerers.

Vanquished Creatures
  Erolcha (D:9)
  3 two-headed ogres (D:8)
  3 orc high priests (Orc:2)
  5 orc knights
  An orc sorcerer (Orc:2)
  2 cyclopes
  The ghost of Vatis the Cudgeller, a novice MiBe of Qazlal (D:6)
  Maggie (D:8)
  A kobold demonologist (D:8)
  2 trolls
  2 hornets
  2 shadows (D:10)
  2 vampires (D:10)
  A wraith (D:9)
  6 yaks (D:8)
  A wyvern (D:10)
  A steam dragon (D:8)
  2 wargs
  An acid dragon (D:9)
  3 water moccasins (D:10)
  21 orc warriors
  4 ice beasts
  A sky beast (D:6)
  3 black bears (D:10)
  A hornet zombie (D:8)
  6 ogres
  3 centaurs
  2 phantoms
  A kobold brigand (D:7)
  4 bullfrogs
  2 gnoll sergeants
  A wyvern zombie (D:8)
  4 scorpions
  A small abomination (Abyss:1)
  6 wights (D:8)
  A hornet simulacrum (D:6)
  3 troll zombies (D:10)
  7 howler monkeys
  3 centaur zombies (D:8)
  3 jellies
  16 orc priests
  2 gnoll boudas
  4 hounds
  4 sleepcaps
  4 iguanas
  19 orc wizards
  3 killer bee zombies (D:8)
  5 ogre zombies (D:10)
  18 gnolls
  5 adders
  6 white imps (D:6)
  An ufetubus (D:6)
  A worm (D:2)
  2 dart slugs
  48 orcs
  12 ball pythons
  11 endoplasms
  4 giant cockroaches
  10 hobgoblins
  8 jackals
  30 kobolds
  6 quokkas
  6 bats
  2 frilled lizards
  8 goblins
  A goblin skeleton (D:10)
  A goblin zombie (D:10)
  A hobgoblin skeleton (D:10)
  3 hobgoblin zombies (D:10)
  5 orc skeletons (D:10)
  14 orc zombies (D:10)
  6 rats
384 creatures vanquished.

Vanquished Creatures (others)
  An orc priest (Orc:2)
  An orc wizard (Orc:2)
2 creatures vanquished.

Grand Total: 386 creatures vanquished

Notes
Turn   | Place    | Note
-------+----------+-------------------------------------------
     0 | D:5      | Reached skill level 9 in Stealth
     0 | D:5      | leafyfresh the Gnoll Delver began the quest for the Orb.
     0 | D:5      | Reached XP level 1. HP: 23/23 MP: 1/1
    30 | D:6      | Noticed a sky beast
    33 | D:6      | Reached XP level 2. HP: 29/29 MP: 2/2
    38 | D:6      | Killed a sky beast
    39 | D:6      | Reached skill level 1 in Long Blades
    39 | D:6      | Reached skill level 1 in Axes
    39 | D:6      | Reached skill level 1 in Maces & Flails
    39 | D:6      | Reached skill level 1 in Polearms
    39 | D:6      | Reached skill level 1 in Staves
    39 | D:6      | Reached skill level 1 in Ranged Weapons
    39 | D:6      | Reached skill level 1 in Throwing
    39 | D:6      | Reached skill level 1 in Armour
    39 | D:6      | Reached skill level 1 in Shields
    39 | D:6      | Reached skill level 1 in Unarmed Combat
    39 | D:6      | Reached skill level 1 in Spellcasting
    39 | D:6      | Reached skill level 1 in Conjurations
    39 | D:6      | Reached skill level 1 in Hexes
    39 | D:6      | Reached skill level 1 in Summonings
    39 | D:6      | Reached skill level 1 in Necromancy
    39 | D:6      | Reached skill level 1 in Translocations
    39 | D:6      | Reached skill level 1 in Transmutations
    39 | D:6      | Reached skill level 1 in Fire Magic
    39 | D:6      | Reached skill level 1 in Ice Magic
    39 | D:6      | Reached skill level 1 in Air Magic
    39 | D:6      | Reached skill level 1 in Earth Magic
    39 | D:6      | Reached skill level 1 in Poison Magic
    39 | D:6      | Reached skill level 1 in Invocations
    39 | D:6      | Reached skill level 1 in Evocations
    39 | D:6      | Reached XP level 3. HP: 35/35 MP: 2/4
    39 | D:6      | Reached XP level 4. HP: 41/41 MP: 2/5
    43 | D:6      | Found a runed translucent gate.
    43 | D:6      | Found a runed translucent gate.
    43 | D:6      | Found a runed translucent gate.
    86 | D:6      | Noticed an ice beast
   103 | D:6      | Noticed Vatis's ghost (novice MiBe)
   105 | D:6      | Noticed an ice beast
   119 | D:6      | Noticed an ice beast
   422 | D:4      | Reached XP level 5. HP: 43/47 MP: 7/7
  1377 | D:2      | Reached XP level 6. HP: 53/53 MP: 8/8
  1444 | D:2      | Learned a level 1 spell: Beastly Appendage
  1611 | D:2      | Reached skill level 5 in Short Blades
  1611 | D:2      | Reached skill level 5 in Dodging
  1733 | D:2      | Found Jezetueg's Assorted Antiques.
  1891 | D:2      | Identified the amulet of Juitiox {Spirit -Tele Rampage
                  | rPois Str-4}
  2072 | D:1      | Found Xuck's Magic Scroll Boutique.
  2649 | D:1      | Found a faded altar of an unknown god.
  2948 | D:2      | Bought a masterwork spear for 192 gold pieces
  2948 | D:2      | Identified the +6 spear of Leats {pain, +Blink rF+ Dex+3}
                  | (You bought it in a shop on level 2 of the Dungeon)
  2955 | D:2      | Identified a scroll of acquirement
  3266 | D:4      | Found a white marble altar of Elyvilon.
  3267 | D:4      | Found a sparkling altar of Nemelex Xobeh.
  3269 | D:4      | Found a glowing golden altar of the Shining One.
  3451 | D:5      | Reached XP level 7. HP: 58/60 MP: 8/10
  4400 | D:5      | Reached skill level 10 in Stealth
  4460 | D:5      | Found a staircase to the Ecumenical Temple.
  4541 | Temple   | Entered the Ecumenical Temple
  5180 | D:6      | Reached XP level 8. HP: 62/67 MP: 12/12
  5228 | D:6      | Found a large runed translucent door.
  5233 | D:6      | Found a large runed translucent door.
  5292 | D:6      | Found a broken altar of Ashenzari.
  5315 | D:6      | Became a worshipper of Ashenzari the Shackled
  5654 | D:6      | Acquired the +0 buckler "Pofol" {+Inv Int-2 Dex+5}
  5969 | D:6      | Killed Vatis's ghost
  5970 | D:6      | Reached XP level 9. HP: 48/73 MP: 9/14
  6090 | D:6      | Got the ring of Jyfoost {Fire Str+2}
  6140 | D:6      | Found an iron altar of Okawaru.
  6156 | D:6      | Found a shimmering blue altar of Sif Muna.
  6269 | D:7      | Identified the +2 robe "Qoerofos" {rF+}
  6522 | D:7      | Identified the cursed +2 pair of boots "Tethered Together"
                  | {Elem, Cun} (You found it on level 4 of the Dungeon)
  6530 | D:7      | Found a flagged portal.
  6550 | Bailey   | Entered a bailey
  6761 | Bailey   | Noticed an orc knight
  6861 | Bailey   | Killed an orc knight
  6862 | Bailey   | Reached skill level 5 in Invocations
  7701 | D:7      | Reached * piety under Ashenzari
  8127 | D:1      | Bought a scroll of acquirement for 624 gold pieces
  8127 | D:1      | Acquired 906 gold pieces
  8245 | D:2      | Bought a crude sling for 156 gold pieces
  8245 | D:2      | Identified the +1 sling of Sittu {heavy, Str+3} (You bought
                  | it in a shop on level 2 of the Dungeon)
  8245 | D:2      | Bought a potion of mutation for 192 gold pieces
  8497 | D:8      | Reached skill level 5 in Long Blades
  8497 | D:8      | Reached skill level 5 in Axes
  8497 | D:8      | Reached skill level 5 in Maces & Flails
  8497 | D:8      | Reached skill level 5 in Polearms
  8497 | D:8      | Reached skill level 5 in Staves
  8497 | D:8      | Reached skill level 5 in Ranged Weapons
  8497 | D:8      | Reached skill level 5 in Throwing
  8497 | D:8      | Reached skill level 5 in Armour
  8497 | D:8      | Reached skill level 5 in Shields
  8497 | D:8      | Reached skill level 5 in Unarmed Combat
  8497 | D:8      | Reached skill level 5 in Spellcasting
  8497 | D:8      | Reached skill level 5 in Evocations
  8497 | D:8      | Reached XP level 10. HP: 68/81 MP: 14/17
  8535 | D:8      | Gained mutation: Your spells are a little harder to cast,
                  | but a little more powerful. [potion of mutation]
  8539 | D:8      | Learned a level 2 spell: Wereblood
  8543 | D:8      | Learned a level 3 spell: Teleport Other
  8908 | D:8      | Reached skill level 11 in Stealth
  9046 | D:8      | Noticed a two-headed ogre
  9049 | D:8      | Noticed a two-headed ogre
  9050 | D:8      | Noticed a red ugly thing
  9051 | D:8      | Noticed a two-headed ogre
  9076 | D:8      | Killed a two-headed ogre
  9211 | D:8      | Noticed Maggie
  9222 | D:8      | Killed Maggie
  9475 | D:9      | Noticed Erolcha
  9513 | D:9      | Reached ** piety under Ashenzari
  9535 | D:9      | Noticed a cyclops
  9553 | D:9      | Killed a cyclops
  9554 | D:9      | Reached skill level 5 in Conjurations
  9554 | D:9      | Reached skill level 5 in Hexes
  9554 | D:9      | Reached skill level 5 in Summonings
  9554 | D:9      | Reached skill level 5 in Necromancy
  9554 | D:9      | Reached skill level 5 in Translocations
  9554 | D:9      | Reached skill level 5 in Transmutations
  9554 | D:9      | Reached skill level 5 in Fire Magic
  9554 | D:9      | Reached skill level 5 in Ice Magic
  9554 | D:9      | Reached skill level 5 in Air Magic
  9554 | D:9      | Reached skill level 5 in Earth Magic
  9554 | D:9      | Reached skill level 5 in Poison Magic
  9554 | D:9      | Reached XP level 11. HP: 74/91 MP: 15/21
  9700 | Abyss:1  | Cast into level 1 of the Abyss (Erolcha)
  9710 | Abyss:1  | Noticed an angel
  9784 | Abyss:1  | Found a corrupted altar of Lugonu.
  9796 | Abyss:1  | Found a corrupted altar of Lugonu.
  9796 | Abyss:1  | Noticed a shadow wraith
  9804 | Abyss:1  | a guardian serpent changed into a moth of wrath
  9804 | Abyss:1  | Noticed a moth of wrath (shapeshifter)
  9808 | Abyss:1  | Found a corrupted altar of Lugonu.
  9864 | Abyss:1  | Noticed a daeva
  9871 | Abyss:1  | Found a shimmering blue altar of Sif Muna.
  9922 | D:9      | Escaped the Abyss
 10023 | D:8      | Killed a two-headed ogre
 10048 | D:8      | Killed a two-headed ogre
 10860 | D:9      | Killed Erolcha
 10976 | D:9      | Reached *** piety under Ashenzari
 11172 | D:10     | Entered Level 10 of the Dungeon
 11191 | D:10     | Found a staircase to the Lair.
 11216 | D:10     | Identified the cursed +0 helmet "Eternal Together" {Elem,
                  | Melee} (You found it on level 1 of the Dungeon)
 11328 | D:10     | Found a staircase to the Orcish Mines.
 11769 | D:10     | Noticed a cyclops
 11778 | D:10     | Killed a cyclops
 11872 | D:10     | Identified the +1 ring mail of the Other World {Str+2
                  | Int+8}
 11893 | D:10     | Reached **** piety under Ashenzari
 12025 | D:10     | Noticed a two-headed ogre
 12027 | D:10     | Noticed arthad's ghost (novice FeSu)
 12029 | D:10     | Found a transporter.
 12031 | D:10     | Noticed a two-headed ogre
 12031 | D:10     | Identified the +11 great mace "Ecoadaer" {drain, Int+3}
 12031 | D:10     | Noticed a two-headed ogre
 12243 | D:10     | Learned a level 4 spell: Flame Wave
 12248 | D:10     | Learned a level 4 spell: Sticky Flame
 12254 | D:10     | Learned a level 5 spell: Fireball
 12255 | Orc:1    | Entered Level 1 of the Orcish Mines
 12356 | Orc:1    | Reached XP level 12. HP: 74/103 MP: 13/25
 12760 | Orc:2    | Entered Level 2 of the Orcish Mines
 13288 | Orc:2    | Reached skill level 12 in Stealth
 13323 | Orc:2    | Found a staircase to the Elven Halls.
 13522 | Orc:2    | Reached ***** piety under Ashenzari
 13552 | Orc:2    | Reached skill level 10 in Fighting
 13851 | Orc:2    | Learned a level 5 spell: Irradiate
 13851 | Orc:2    | Noticed an orc high priest
 13865 | Orc:2    | Noticed an orc high priest
 14236 | Orc:2    | Killed an orc high priest
 14814 | Orc:2    | Killed an orc high priest
 14980 | Orc:2    | Noticed an orc high priest
 14988 | Orc:2    | Noticed a sun demon
 14991 | Orc:2    | Killed an orc high priest
 14993 | Orc:2    | Paralysed by an orc sorcerer for 4 turns
 15000 | Orc:2    | Paralysed by an orc sorcerer for 5 turns
 15004 | Orc:2    | HP: 2/101 [smoke demon/divine providence[an orc sorcerer]
                  | (12)]
 15004 | Orc:2    | Slain by an orc sorcerer

Illustrated notes

Levels and vault maps discovered:
D:1:      dpeg_arrival_arbitrary_c, layout_basic, serial_shops, shop_scrolls,
          shapermc_ecumenical_altar_mp_highgroup, hangedman_decor_riveting,
          minmay_crystal_water, minmay_misc_feat_nine_boxes
D:2:      layout_rooms, serial_shops, nicolae_shop_behind_doors
D:3:      layout_rooms
D:4:      layout_loops_ring, chequers_temple_overflow_statue_of_worship
D:5:      layout_basic, temple_fountains
D:6:      layout_basic, evilmike_ruin_ashenzari, jmf_multi_god_temple2,
          gammafunk_ghost_icy
D:7:      layout_basic, enter_bailey_2, nicolae_concentric_dashed_squares_wild
D:8:      minmay_curly_fans, layout_loops_ring, serial_undead, serial_undead_f,
          serial_undead_e, serial_undead_b, serial_undead_a, serial_undead_f,
          uniq_maggie
D:9:      layout_cave_pools, chequers_serial_rivers_micro_d, uniq_erolcha
D:10:     layout_loops_ring, due_lair_maze_entry_diamond, zombieorc2_lemuel,
          gammafunk_ghost_smash
Temple:   eino_temple_rhombus
Orc:1:    layout_diamond_mine
Orc:2:    grunt_orc_tribal_feast, layout_caves

Skill      XL: |  1  2  3  4  5  6  7  8  9 10 11 12 |
---------------+-------------------------------------+-----
Stealth        | 10 11 12 | 12.2
Long Blades    | 1 2 3 5 6 7 |  7.7
Axes           | 1 2 3 5 6 7 |  7.7
Maces & Flails | 1 2 3 5 6 7 |  7.7
Polearms       | 1 2 3 5 6 7 |  7.7
Staves         | 1 2 3 5 6 7 |  7.7
Ranged Weapons | 1 2 3 5 6 7 |  7.7
Throwing       | 1 2 3 5 6 7 |  7.7
Armour         | 1 2 3 5 6 7 |  7.7
Shields        | 1 2 3 5 6 7 |  7.7
Unarmed Combat | 1 2 3 5 6 7 |  7.7
Spellcasting   | 1 2 3 5 6 7 |  7.7
Conjurations   | 1 2 3 4 5 6 |  6.4
Hexes          | 1 2 3 4 5 6 |  6.4
Summonings     | 1 2 3 4 5 6 |  6.4
Necromancy     | 1 2 3 4 5 6 |  6.4
Translocations | 1 2 3 4 5 6 |  6.4
Transmutations | 1 2 3 4 5 6 |  6.4
Fire Magic     | 1 2 3 4 5 6 |  6.4
Ice Magic      | 1 2 3 4 5 6 |  6.4
Air Magic      | 1 2 3 4 5 6 |  6.4
Earth Magic    | 1 2 3 4 5 6 |  6.4
Poison Magic   | 1 2 3 4 5 6 |  6.4
Invocations    | 1 2 3 4 5 6 7 8 |  8.5
Evocations     | 1 2 3 5 6 7 |  7.7
Short Blades   | 5 6 7 8 9 |  9.1
Dodging        | 5 6 7 8 9 |  9.1
Fighting       | 7 8 9 10 | 10.2

Action                     |  1- 3 |  4- 6 |  7- 9 | 10-12 || total
---------------------------+-------+-------+-------+-------++-------
  Melee: Short sword       |     2 |    12 |       |       ||    14
         War axe           |       |   156 |       |       ||   156
         Bite              |       |    21 |    49 |    94 ||   164
         Punch             |       |     2 |     3 |       ||     5
         Spear             |       |    34 |   361 |   129 ||   524
         Kick              |       |       |    34 |   133 ||   167
         Headbutt          |       |       |    26 |    93 ||   119
         Lance             |       |       |       |   643 ||   643
   Fire: Sling             |       |       |    14 |       ||    14
  Throw: Throwing net      |       |       |       |     2 ||     2
   Cast: Beastly Appendage |       |       |    14 |    33 ||    47
         Wereblood         |       |       |       |    20 ||    20
         Teleport Other    |       |       |       |     2 ||     2
 Invoke: Curse Item        |       |       |     2 |     6 ||     8
  Evoke: Wand              |       |       |     3 |     1 ||     4
    Use: Scroll            |     1 |    10 |    11 |     2 ||    24
         Potion            |       |       |       |     8 ||     8
   Stab: Sleeping          |     2 |    32 |    11 |    12 ||    57
         Distracted        |       |     3 |     3 |     1 ||     7
         Held in net/web   |       |       |       |     2 ||     2
         Fleeing           |       |       |       |     1 ||     1
 Armour: Leather armour    |       |    48 |    49 |       ||    97
         Robe              |       |       |    17 |   137 ||   154
  Dodge: Dodged            |       |   131 |   208 |   474 ||   813
  Block: Buckler           |       |       |    55 |   208 ||   263
